 Dungeon Crawl Stone Soup version 0.26.1-11-gd32895ea62 (webtiles) character file.

Game seed: 13118896348966211454

21376 Saba the Fighter (level 12, 0/80 HPs)
             Began as a Gargoyle Hunter on July 4, 2021.
             Was a High Priest of Okawaru.
             Slain by a boulder beetle (11 damage)
             ... on level 3 of the Lair of Beasts.
             The game lasted 00:29:47 (12104 turns).

Saba the Fighter (Gargoyle Hunter)                 Turns: 12104, Time: 00:29:47

Health: 0/80       AC: 37    Str: 23    XL:     12   Next: 89%
Magic:  12/12      EV:  8    Int: 12    God:    Okawaru [*****.]
Gold:   508        SH:  0    Dex: 11    Spells: 11/11 levels left

rFire    + . .     SeeInvis .   K - +6 scimitar of Chance {vamp, Str+3 Dex+4}
rCold    + . .     Faith    .   (no shield)
rNeg     + . .     Spirit   .   Q - +2 crystal plate armour
rPois    ∞         Reflect  .   O - +2 hat
rElec    +         Harm     .   s - scarf {rC+ rF+}
rCorr    +         Rampage  .   p - +2 pair of gloves
Will     +....                  (no boots)
Stlth    ..........             c - amulet of regeneration
HPRegen  0.63/turn              C - ring of willpower
MPRegen  0.13/turn              L - ring of resist corrosion

@: no status effects
A: blurry vision 1, clumsy 2, negative energy resistance 1, electricity
resistance, unbreathing, evolution 1, petrification resistance, miasma immunity,
AC +8
a: Renounce Religion, Heroism, Finesse


You were on level 3 of the Lair of Beasts.
You worshipped Okawaru.
Okawaru was extremely pleased with you.
You visited 3 branches of the dungeon, and saw 14 of its levels.

You collected 904 gold pieces.
You spent 396 gold pieces at shops.

Inventory:

Hand Weapons
 a - a +1 hand crossbow
 K - the +6 scimitar of Chance (weapon) {vamp, Str+3 Dex+4}
   (You bought it in a shop on level 7 of the Dungeon)

   It inflicts no extra harm, but heals its wielder when it wounds a living foe.
   It affects your strength (+3).
   It affects your dexterity (+4).
 T - the +4 whip "Koqann" {flame, rPois SInv}
   (You found it on level 3 of the Lair of Beasts)

   It has been specially enchanted to burn those struck by it, causing extra
   injury to most foes and up to half again as much damage against particularly
   susceptible opponents.
   It protects you from poison.
   It lets you see invisible.
Missiles
 d - 231 bolts
Armour
 p - a +2 pair of gloves (worn)
 s - a scarf of resistance (worn)
 O - a +2 hat (worn)
 Q - a +2 crystal plate armour (worn)
Jewellery
 b - an uncursed amulet of guardian spirit {unknown}
 c - an amulet of regeneration (around neck)
 C - a ring of willpower (left hand)
 I - an uncursed amulet of magic regeneration
 L - a ring of resist corrosion (right hand)
 M - an uncursed ring of fire
Wands
 q - a wand of random effects (13)
 y - a wand of digging (12)
 H - a wand of flame (18)
 J - a wand of acid (21)
 N - a wand of iceblast (10)
Scrolls
 f - 4 scrolls of remove curse {unknown}
 i - 9 scrolls of teleportation
 j - 2 scrolls of enchant weapon {unknown}
 k - a scroll of silence {unknown}
 n - 7 scrolls of identify
 r - a scroll of noise {unknown}
 t - 4 scrolls of fog {unknown}
 u - a scroll of blinking {unknown}
 w - 5 scrolls of magic mapping
 x - 4 scrolls of enchant armour {unknown}
 D - a scroll of random uselessness {unknown}
 F - 2 scrolls of immolation {unknown}
 P - a scroll of amnesia {unknown}
 R - a scroll of holy word {unknown}
 S - a scroll of vulnerability {unknown}
Potions
 e - 4 potions of curing
 g - a potion of ambrosia
 h - 2 potions of magic {unknown}
 l - 3 potions of brilliance {unknown}
 m - 2 potions of haste {unknown}
 o - 6 potions of lignification {unknown}
 v - 3 potions of berserk rage
 z - a potion of attraction {unknown}
 A - 3 potions of might
 B - a potion of invisibility {unknown}
 G - 4 potions of heal wounds {unknown}


   Skills:
 + Level 11.7 Fighting
 + Level 4.9 Long Blades
 - Level 10.0 Crossbows
 + Level 11.4 Armour
 + Level 9.1 Dodging
 - Level 1.1 Stealth


You had 11 spell levels left.
You didn't know any spells.
Your spell library contained the following spells:

 Spells                   Type           Power        Failure   Level
 Shock                    Conj/Air       0%           100%        1
 Swiftness                Air            0%           100%        2
 Static Discharge         Conj/Air       0%           100%        3
 Airstrike                Air            0%           100%        4
 Lightning Bolt           Conj/Air       0%           100%        5


Dungeon Overview and Level Annotations

Branches:
Dungeon (10/15)            Temple (1/1) D:6            Lair (3/6) D:10
    Orc (0/2) D:10
  Swamp: Lair:2-4    Shoals: Lair:2-4     Snake: Lair:2-4    Spider: Lair:2-4

Altars:
Ashenzari
Cheibriados
Dithmenos
Elyvilon
Fedhas
Gozag
Hepliaklqana
Kikubaaqudgha
Makhleb
Nemelex Xobeh
Okawaru
Qazlal
Ru
Sif Muna
Trog
Uskayaw
Vehumet
Wu Jian
Xom
Yredelemnul
Zin
The Shining One

Shops:
D:7 ((:(   D:9 !   D:10 (

Annotations:
D:10 2 runed translucent doors


Innate Abilities, Weirdness & Mutations

You are resistant to torment.
Your stone body is resilient. (AC +8)
You are immune to poison.
You resist negative energy. (rN+)
You are resistant to electric shocks. (rElec)
You can survive without breathing.
You are immune to petrification.
You are immune to miasma.
Scrolls take you a little longer to read.
You are very clumsy. (Dex -4)
You evolve.


Message History

The boulder beetle is almost dead.
The boulder beetle hits you!!!
* * * LOW HITPOINT WARNING * * *
The boulder beetle stops rolling and uncurls.
The boulder beetle bites you but does no damage.
You hit the boulder beetle but do no damage.
The boulder beetle is almost dead.
The boulder beetle bites you but does no damage.
You hit the boulder beetle.
The boulder beetle is almost dead.
The boulder beetle bites you but does no damage.
You hit the boulder beetle but do no damage.
The boulder beetle is almost dead.
The boulder beetle leaps!
The boulder beetle closely misses you.
You hit the boulder beetle but do no damage.
The boulder beetle is almost dead.
The boulder beetle waves its antennae.
The boulder beetle bites you!
You die...

******,,...###....$...#,....#,,,,
***##**#.........#8.<.8#,***
##..............#** ##*
#P..............#
##.####........###..## * #.#.#
#.○......#.....###*# ###*
#.#.###.##...##...8....##. #.+##
##.#['.†.....##.........#.#
+.+.###†..####..@.#.(.8..>..8..##
#.+#.#..### #..B................
####.#.## #..#........8....... *
#...# ##.......#.......... ##.##
###..8..#........8. ###
***#.....##..8..##...
*,*#.....##.....##... *** ***
*,,#.....##.....##... ,,***,*
****#####.#+..#.....##.+#


You could see a boulder beetle.

Vanquished Creatures
  Gastronok (D:8)
  A boulder beetle (Lair:1)
  2 two-headed ogres
  A wolf spider (Lair:3)
  3 elephants (Lair:2)
  Maurice (D:8)
  Joseph (D:8)
  6 cane toads
  The ghost of kirbodin the Slasher, a novice HuFi (D:4)
  A centaur skeleton (D:10)
  Maggie (D:10)
  2 komodo dragons
  The ghost of jlumianski the Grasshopper, an amateur GnWr (D:4)
  2 polar bears (D:8)
  A troll (D:10)
  The ghost of zuma992 the Skirmisher, an amateur DsAK of Lugonu (D:4)
  Grinder (D:6)
  3 blink frogs (Lair:3)
  2 hornets (D:9)
  The ghost of oc3rt the Bolt Thrower, an amateur KoHu (D:4)
  2 redbacks (Lair:3)
  23 yaks
  2 wyverns
  Eustachio (D:5)
  3 water moccasins
  8 orc warriors
  4 black bears
  4 sky beasts
  2 ice beasts
  2 necrophages (D:9)
  A phantom (D:7)
  5 centaurs
  6 wolves
  5 ogres
  A big kobold (D:9)
  12 bullfrogs
  A wyvern skeleton (D:10)
  A scorpion (D:5)
  3 wights (D:6)
  4 howler monkeys
  4 electric eels
  4 bullfrog zombies
  A quasit (D:9)
  6 hounds
  4 jellies
  A gnoll shaman (D:7)
  4 orc priests
  6 orc wizards
  Jessica (D:3)
  2 bullfrog skeletons (D:5)
  5 iguanas
  4 worker ants
  A killer bee zombie (D:5)
  12 gnolls
  A howler monkey skeleton (D:8)
  12 adders
  2 shadow imps
  3 white imps
  5 ufetubi
  An ooze (D:7)
  An adder skeleton (D:4)
  2 worms (D:3)
  2 dart slugs
  7 leopard geckos
  57 orcs
  9 bats
  10 giant cockroaches
  4 goblins
  4 hobgoblins
  11 jackals
  2 quokkas (D:8)
  5 ball pythons
  5 frilled lizards
  A jackal zombie (D:8)
  15 kobolds
  2 quokka zombies
  9 rats
348 creatures vanquished.

Vanquished Creatures (others)
  2 orc wizards
  4 fungi
  17 plants
  2 withered plants (D:4)
25 creatures vanquished.

Grand Total: 373 creatures vanquished

Notes
Turn   | Place    | Note
-------+----------+-------------------------------------------
     0 | D:1      | Saba the Gargoyle Hunter began the quest for the Orb.
     0 | D:1      | Reached XP level 1. HP: 12/12 MP: 1/1
   144 | D:1      | Reached XP level 2. HP: 13/18 MP: 2/2
   392 | D:1      | Reached skill level 1 in Armour
   532 | D:1      | Reached XP level 3. HP: 20/22 MP: 3/3
   915 | D:2      | Reached XP level 4. HP: 18/27 MP: 4/4
  1173 | D:2      | You fall into a shaft and drop 1 floor!
  1490 | D:4      | Reached XP level 5. HP: 9/32 MP: 5/5
  1903 | D:3      | Noticed Jessica
  1910 | D:3      | Killed Jessica
  1911 | D:3      | Reached XP level 6. HP: 38/38 MP: 6/6
  2015 | D:2      | Reached skill level 5 in Crossbows
  3321 | D:4      | Found a runed translucent gate.
  3321 | D:4      | Found a runed translucent gate.
  3321 | D:4      | Found a runed translucent gate.
  3437 | D:4      | Reached XP level 7. HP: 33/44 MP: 7/7
  3452 | D:4      | Noticed kirbodin's ghost (novice HuFi)
  3452 | D:4      | Noticed jlumianski's ghost (amateur GnWr)
  3453 | D:4      | Noticed zuma992's ghost (amateur DsAK)
  3453 | D:4      | Noticed oc3rt's ghost (amateur KoHu)
  3863 | D:5      | Entered Level 5 of the Dungeon
  4143 | D:5      | Reached skill level 5 in Fighting
  4182 | D:5      | Gained mutation: Your body sometimes deteriorates upon
                  | taking damage. [potion of mutation]
  4182 | D:5      | Gained mutation: You are robust. (+10% HP) [potion of
                  | mutation]
  4190 | D:5      | Reached XP level 8. HP: 18/53 MP: 8/8
  4501 | D:5      | Reached skill level 5 in Armour
  4629 | D:5      | Noticed Eustachio
  4651 | D:5      | Killed Eustachio
  4901 | D:6      | Found a staircase to the Ecumenical Temple.
  4928 | Temple   | Entered the Ecumenical Temple
  5234 | Temple   | Became a worshipper of Warmaster Okawaru
  5279 | D:6      | Noticed Grinder
  5288 | D:6      | Killed Grinder
  5289 | D:6      | Reached XP level 9. HP: 54/61 MP: 9/9
  5336 | D:6      | Reached * piety under Okawaru
  5337 | D:6      | Reached skill level 5 in Dodging
  6432 | D:7      | Found Gebeg's Book Boutique.
  6442 | D:7      | Found Rinnauwi's Antique Weapon Boutique.
  6442 | D:7      | Found Enifof's Antique Weapon Boutique.
  6448 | D:7      | Found Voes's Antique Weapon Boutique.
  6471 | D:7      | Bought a shimmering scimitar for 252 gold pieces
  6483 | D:7      | Identified the +6 scimitar of Chance {vamp, Str+3 Dex+4}
                  | (You bought it in a shop on level 7 of the Dungeon)
  6559 | D:7      | Reached ** piety under Okawaru
  6899 | D:8      | Reached XP level 10. HP: 70/70 MP: 10/10
  7061 | D:8      | Noticed Maurice
  7149 | D:8      | Killed Maurice
  7227 | D:8      | Noticed Joseph
  7240 | D:8      | Killed Joseph
  7240 | D:8      | Reached *** piety under Okawaru
  7368 | D:8      | Noticed Gastronok
  7602 | D:8      | Reached **** piety under Okawaru
  7709 | D:8      | Found a bloodstained altar of Trog.
  7997 | D:8      | Killed Gastronok
  7997 | D:8      | Reached ***** piety under Okawaru
  7997 | D:8      | Received a gift from Okawaru
  7998 | D:8      | Reached XP level 11. HP: 22/78 MP: 11/11
  8300 | D:9      | Received a gift from Okawaru
  8341 | D:9      | Received a gift from Okawaru
  8498 | D:9      | Lost mutation: Your body sometimes deteriorates upon taking
                  | damage. [potion of mutation]
  8498 | D:9      | Lost mutation: You are robust. (+10% HP) [potion of
                  | mutation]
  8498 | D:9      | Gained mutation: Scrolls take you a little longer to read.
                  | [potion of mutation]
  8498 | D:9      | Gained mutation: Your spells are a little harder to cast,
                  | but a little more powerful. [potion of mutation]
  8591 | D:9      | Reached skill level 10 in Fighting
  8689 | D:9      | Received a gift from Okawaru
  8723 | D:9      | Reached skill level 10 in Crossbows
  8747 | D:9      | Noticed a two-headed ogre
  8755 | D:9      | Killed a two-headed ogre
  8756 | D:9      | Reached skill level 1 in Long Blades
  8756 | D:9      | Reached skill level 10 in Armour
  8768 | D:9      | Found Caex's Distillery.
  8799 | D:9      | Received a gift from Okawaru
  8808 | D:9      | Bought a potion of ambrosia for 128 gold pieces
  8808 | D:9      | Bought a potion of degeneration for 16 gold pieces
  9112 | D:9      | Lost mutation: Scrolls take you a little longer to read.
                  | [potion of mutation]
  9112 | D:9      | Lost mutation: Your spells are a little harder to cast, but
                  | a little more powerful. [potion of mutation]
  9112 | D:9      | Gained mutation: You are clumsy. (Dex -2) [potion of
                  | mutation]
  9112 | D:9      | Gained mutation: Scrolls take you a little longer to read.
                  | [potion of mutation]
  9112 | D:9      | Gained mutation: You are very clumsy. (Dex -4) [potion of
                  | mutation]
  9112 | D:9      | Gained mutation: You evolve. [potion of mutation]
  9138 | D:10     | Entered Level 10 of the Dungeon
  9212 | D:10     | Found Hohipul's Weapon Emporium.
  9213 | D:10     | Noticed a two-headed ogre
  9214 | D:10     | Found a staircase to the Orcish Mines.
  9223 | D:10     | Killed a two-headed ogre
  9233 | D:10     | Received a gift from Okawaru
  9319 | D:10     | Noticed a fire dragon
  9321 | D:10     | Noticed an ice dragon
  9322 | D:10     | Noticed a fire dragon
  9322 | D:10     | Noticed an ice dragon
  9323 | D:10     | Found a runed translucent door.
  9324 | D:10     | Found the +2 shield of Resistance {rF++ rC++ Will++}
  9325 | D:10     | Found a runed translucent door.
  9381 | D:10     | Found a staircase to the Lair.
  9403 | D:10     | Reached XP level 12. HP: 78/78 MP: 12/12
  9652 | D:10     | Noticed Maggie
  9660 | D:10     | Killed Maggie
 10619 | D:4      | Killed kirbodin's ghost
 10626 | D:4      | Killed oc3rt's ghost
 10633 | D:4      | Killed zuma992's ghost
 10652 | D:4      | Killed jlumianski's ghost
 10784 | Lair:1   | Entered Level 1 of the Lair of Beasts
 11252 | Lair:1   | Found a hide-covered altar of Uskayaw.
 11252 | Lair:1   | Noticed a boulder beetle
 11253 | Lair:1   | Found an ornate altar of the Wu Jian Council.
 11329 | Lair:1   | Killed a boulder beetle
 11805 | Lair:3   | Noticed a five-headed hydra
 11912 | Lair:3   | Found a runed translucent door.
 11915 | Lair:3   | Noticed a boulder beetle
 11964 | Lair:3   | Received a gift from Okawaru
 11970 | Lair:3   | Got a smoking whip
 11977 | Lair:3   | Noticed a boulder beetle
 11995 | Lair:3   | Identified the +4 whip "Koqann" {flame, rPois SInv} (You
                  | found it on level 3 of the Lair of Beasts)
 12104 | Lair:3   | Slain by a boulder beetle

Illustrated notes

Levels and vault maps discovered:
D:1:      minmay_arrival_checkered_box, layout_loops_ring
D:2:      minmay_chambers_of_twos, layout_loops_corners, grunt_decor_one_mirror
D:3:      layout_loops_ring, uniq_jessica
D:4:      layout_rooms, gammafunk_ghost_cemetery, chequers_serial_rivers_room_a
D:5:      layout_loops_ring, minmay_quadrilaterals, uniq_eustachio
D:6:      layout_cave_pods, minmay_temple_entry_junction_2, uniq_grinder
D:7:      layout_cave_pools, minmay_shop_grid_forest
D:8:      layout_cave_pods, bloody_trog, serial_ice, serial_ice_l, serial_ice_c,
          serial_ice_f, serial_ice_g, uniq_maurice, uniq_gastronok, uniq_joseph
D:9:      layout_loops_ring, serial_shops, nicolae_shop_window_shopping
D:10:     layout_layer_cave, erik_lair_island, orc_david_3,
          minmay_guarded_unrand_resistance, uniq_maggie
Temple:   nicolae_temple_the_god_donut
Lair:1:   layout_roguey, nzn_masters_of_martial_movement, grunt_megastairs_2
Lair:2:   lemuel_ratsnest, layout_regular_city, gammafunk_ghost_hydra_chop,
          grunt_forest_large_clearings
Lair:3:   gammafunk_indiana_jones, layout_hall_layers, basic_altar,
          portal_ice_cave_entry_ice_beasts, disabler_island,
          serial_bayou_shore_b, infiniplex_staircase_pool, grunt_megastairs_3

Skill      XL: |  1  2  3  4  5  6  7  8  9 10 11 12 |
---------------+-------------------------------------+-----
Armour         | 1 2 3 4 5 7 9 10 11 | 11.4
Dodging        | 2 3 4 6 7 8 9 |  9.1
Fighting       | 3 4 5 6 7 9 10 11 | 11.7
Crossbows      | 5 6 8 9 10 | 10.0
Long Blades    | 2 4 |  4.9
Stealth        | |  1.1

Action                   |  1- 3 |  4- 6 |  7- 9 | 10-12 || total
-------------------------+-------+-------+-------+-------++-------
Melee: Short sword       |   109 |   186 |       |       ||   295
       Hand axe          |       |   160 |   307 |       ||   467
       Rapier            |       |       |    94 |       ||    94
       Scimitar          |       |       |    45 |   817 ||   862
       War axe           |       |       |    22 |       ||    22
 Fire: Hand crossbow     |       |       |       |    31 ||    31
Evoke: Wand              |       |       |       |     2 ||     2
  Use: Potion            |       |       |     3 |     2 ||     5
       Scroll            |       |       |       |     5 ||     5
Armor: Leather armour    |    12 |       |       |       ||    12
       Scale mail        |    45 |   241 |   347 |   266 ||   899
       Crystal plate arm |       |       |       |   487 ||   487
Dodge: Dodged            |    59 |   263 |   360 |   526 ||  1208
       Rpst.: Scimitar   |       |       |    12 |   134 ||   146
